 Dungeon Crawl Stone Soup version 0.27-a0-1149-g4505690ab0 (webtiles) character file.

Game seed: 9033014944103070191

72 Sweetruy1997 the Grave Robber (level 4, -6/24 HPs)
             Began as a Deep Elf Necromancer on May 12, 2021.
             Mangled by a worm (8 damage)
             ... on level 2 of the Dungeon.
             The game lasted 00:09:24 (2609 turns).

Sweetruy1997 the Grave Robber (DENe)                Turns: 2609, Time: 00:09:25

Health: -6/24      AC:  4    Str:  5    XL:     4   Next: 7%
Magic:  9/12       EV: 11    Int: 21    God:
Gold:   8          SH:  0    Dex: 15    Spells: 0/11 levels left

rFire    . . .     SeeInvis .   l - +0 dagger
rCold    . . .     Faith    .   (no shield)
rNeg     . . .     Spirit   .   n - +0 leather armour
rPois    .         Reflect  .   (no helmet)
rElec    .         Harm     .   o - +0 cloak
rCorr    .         Rampage  .   (no gloves)
Will     .....                  (no boots)
Stlth    ++........             (no amulet)
HPRegen  0.08/turn              (no ring)
MPRegen  0.13/turn              (no ring)

@: no status effects
A: no striking features
a: no special abilities


You were on level 2 of the Dungeon.
You visited 1 branch of the dungeon, and saw 2 of its levels.

You collected 66 gold pieces.
You spent 58 gold pieces at shops.

Inventory:

Hand Weapons
 l - a +0 dagger (weapon)
Armour
 n - a +0 leather armour (worn)
 o - a +0 cloak (worn)
Scrolls
 a - a scroll of fog {unknown}
 b - a scroll of enchant weapon {unknown}
 c - a scroll of silence {unknown}
 e - 4 scrolls of identify {unknown}
 g - a scroll of amnesia {unknown}
 h - a scroll of teleportation {unknown}
 i - a scroll of noise {unknown}
 m - a scroll of holy word {unknown}
Potions
 d - a potion of flight {unknown}
 f - a potion of might {unknown}
 j - 2 potions of curing {unknown}
 k - a potion of berserk rage {unknown}


   Skills:
 + Level 2.6 Dodging
 + Level 2.7 Stealth
 + Level 4.1 Spellcasting
 + Level 6.0 Necromancy


You couldn't memorise any spells.
You knew the following spells:

 Your Spells              Type           Power      Damage    Failure   Level
a - Pain                  Necr           100%       1d9       1%          1
b - Animate Skeleton      Necr           58%        N/A       1%          1
c - Vampiric Draining     Necr           14%        2d8       4%          3
d - Summon Small Mammal   Summ           16%        N/A       21%         1
e - Apportation           Tloc           8%         N/A       21%         1
f - Animate Dead          Necr           14%        N/A       16%         4

Your spell library contained the following spells:

 Spells                   Type           Power      Damage    Failure   Level
 Corona                   Hex            4%         N/A       21%         1
 Agony                    Necr           29%        N/A       41%         5


Dungeon Overview and Level Annotations

Branches:
Dungeon (2/15)

Altars:
Vehumet

Shops:
D:2 *


Message History

You hit the worm.
The worm is moderately wounded.
The worm bites you!
Your ball python skeleton completely misses the worm.
Your ball python skeleton grabs the worm.
Your ball python skeleton constricts the worm.
You hit the worm.
The worm is moderately wounded.
Your rat skeleton bites the worm.
Your ball python skeleton bites the worm.
Your ball python skeleton constricts the worm.
You hit the worm.
The worm is severely wounded.
Your ball python skeleton loses its grip on the worm.
Your ball python skeleton crumbles into dust!
The worm bites you.
Your rat skeleton bites the worm.
You barely miss the worm.
The worm is severely wounded.
The worm bites you.
You barely miss the worm.
The worm is heavily wounded.
Your rat skeleton bites the worm.
You hit the worm but do no damage.
The worm is severely wounded.
Your rat skeleton barely misses the worm.
The worm bites you.
* * * LOW HITPOINT WARNING * * *
Casting: Animate Skeleton (safe; 1% risk of failure)
Confirm with . or Enter, or press ? or * to list all spells.
Aiming: Pain (safe; 1% risk of failure)
Press: ? - help, Shift-Dir - straight line, f - worm
Aim: a worm (heavily wounded, ally target, chance to affect: 89%)
The worm writhes in agony.
Your rat skeleton bites the worm.
Casting: Pain (safe; 1% risk of failure)
Confirm with . or Enter, or press ? or * to list all spells.
Aiming: Pain (safe; 1% risk of failure)
Press: ? - help, Shift-Dir - straight line, f/p - worm
Aim: a worm (severely wounded, ally target, chance to affect: 89%)
The worm writhes in agony.
The worm bites you!
You die...

#..#### #..#.#++#.#..#
#.>...## #....# #....#
#.###..# #..### ###..#
#.# ##.####..+ #.)..#
#.####.......+ #.Z..#
#...###..###.########..#
###..###..##...#..#....#
##.# ##∩.#.#.#w'#.#..#
#.## ##.#...Z@......#
#..# #....##[###...#
##.# ###..#..# #...# #.#
#..#...##...# #.#
##..#...##....# #.#
##..........##.# #.#
#.†#...####.# .. #.##
#.##...### .# .#.
#..###.#......# ##..


You could see a worm (ally target) and a friendly rat skeleton.

Vanquished Creatures
  Terence (D:2)
  An adder (D:2)
  5 ball pythons
  A bat (D:2)
  8 endoplasms
  A giant cockroach (D:1)
  3 goblins
  2 hobgoblins (D:1)
  2 quokkas (D:1)
  A frilled lizard (D:1)
  3 kobolds
  4 rats
32 creatures vanquished.

Vanquished Creatures (collateral kills)
  An endoplasm (D:1)
  A kobold (D:2)
2 creatures vanquished.

Grand Total: 34 creatures vanquished

Notes
Turn   | Place    | Note
-------+----------+-------------------------------------------
     0 | D:1      | Sweetruy1997 the Deep Elf Necromancer began the quest for
                  | the Orb.
     0 | D:1      | Reached XP level 1. HP: 10/10 MP: 6/6
     2 | D:1      | Learned a level 1 spell: Animate Skeleton
    82 | D:1      | Reached skill level 5 in Necromancy
   357 | D:1      | Reached XP level 2. HP: 14/15 MP: 5/8
  1784 | D:2      | Found a faded altar of an unknown god.
  1858 | D:2      | Found a radiant altar of Vehumet.
  1867 | D:2      | Reached XP level 3. HP: 3/19 MP: 3/10
  1927 | D:2      | Learned a level 3 spell: Vampiric Draining
  2008 | D:2      | Noticed Terence
  2092 | D:2      | Learned a level 1 spell: Summon Small Mammal
  2107 | D:2      | Killed Terence
  2108 | D:2      | Reached skill level 6 in Necromancy
  2110 | D:2      | Learned a level 1 spell: Apportation
  2370 | D:2      | Reached XP level 4. HP: 21/24 MP: 8/12
  2375 | D:2      | Learned a level 4 spell: Animate Dead
  2403 | D:2      | Found Hofeisil's General Store.
  2412 | D:2      | Bought a +0 cloak for 58 gold pieces
  2609 | D:2      | Mangled by a worm

Illustrated notes

Levels and vault maps discovered:
D:1:      onia_arrival_handbag, layout_basic
D:2:      layout_rooms, basic_altar, hellmonk_ecumenical_altar_run_dry,
          serial_shops, shop, mrwooster_statue_mirror, minmay_mini_jars,
          uniq_terence

Skill      XL: |  1  2  3 |
---------------+----------+-----
Necromancy     | 5 6 |  6.0
Spellcasting   | 4 |  4.1
Dodging        | |  2.6
Stealth        | |  2.7

Action                   |  1- 3 |  4- 6 || total
-------------------------+-------+-------++-------
Melee: Unarmed           |     5 |       ||     5
       Club              |     6 |       ||     6
       Dagger            |     6 |     9 ||    15
Throw: Throwing net      |     1 |       ||     1
 Cast: Pain              |    43 |     8 ||    51
       Animate Skeleton  |     7 |     3 ||    10
       Summon Small Mamm |     1 |     1 ||     2
       Apportation       |     1 |       ||     1
  Use: Potion            |     1 |       ||     1
 Stab: Sleeping          |     1 |       ||     1
Armor: Robe              |    11 |       ||    11
       Leather armour    |     1 |     4 ||     5
Dodge: Dodged            |    22 |     8 ||    30

Table legend: (Time is in decaauts)
 A = Elapsed time spent in this place.
 B = Non-inter-level travel time spent in this place.
 C = Inter-level travel time spent in this place.
 D = Time resting spent in this place.
 E = Time spent auto-exploring this place.
 F = Levels seen in this place.
 G = Mean time per level.
                   A        B        C        D        E       F      G
               +--------+--------+--------+--------+--------+-----+--------+
         Total |   2610 |   2452 |    158 |    934 |   1112 |   2 | 1305.0 |
       Dungeon |   2610 |   2452 |    158 |    934 |   1112 |   2 | 1305.0 |
               +--------+--------+--------+--------+--------+-----+--------+

Top non-repeatable levels by time:
     D:1: 1823 daAuts
     D:2: 787 daAuts
